 Dungeon Crawl Stone Soup version 0.26-a0-540-g8a0c9464d7 (webtiles) character file.

Game seed: 13651160363270176436

37 vurker the Covert (level 3, -1/35 HPs)
             Began as a Gnoll Delver on Aug 23, 2020.
             Slain by an orc
             ... wielding a +0 flail
              (5 damage)
             ... on level 4 of the Dungeon.
             The game lasted 00:00:41 (216 turns).

vurker the Covert (Gnoll Delver)                     Turns: 216, Time: 00:00:42

Health: -1/35      AC:  3    Str: 14    XL:     3   Next: 39%
Magic:  2/4        EV: 14    Int: 13    God:
Gold:   12         SH:  0    Dex: 16    Spells: 3/3 levels left

rFire    . . .     SeeInvis .   a - +0 mace
rCold    . . .     Faith    .   (no shield)
rNeg     . . .     Spirit   .   b - +0 leather armour
rPois    .         Reflect  .   (no helmet)
rElec    .         Harm     .   (no cloak)
rCorr    .                      (no gloves)
MR       .....                  (no boots)
Stlth    ++++......             (no amulet)
HPRegen  0.11/turn              (no ring)
MPRegen  0.09/turn              (no ring)

@: no status effects
A: distributed training, fangs 1, strong nose
a: no special abilities


You were on level 4 of the Dungeon.
You visited 1 branch of the dungeon, and saw 2 of its levels.

You collected 12 gold pieces.

Inventory:

Hand Weapons
 a - a +0 mace (weapon)
Armour
 b - a +0 leather armour (worn)
Wands
 v - a wand of digging (3)
Scrolls
 c - a scroll of fog
 d - a scroll of magic mapping
 e - a scroll of fear
Potions
 f - a potion of haste
 g - a potion of curing {unknown}


   Skills:
 + Level 6.5 Fighting
 + Level 0.7 Short Blades
 + Level 0.7 Long Blades
 + Level 0.7 Axes
 + Level 4.5 Maces & Flails
 + Level 0.7 Polearms
 + Level 0.7 Staves
 + Level 0.7 Slings
 + Level 0.7 Bows
 + Level 0.7 Crossbows
 + Level 0.7 Throwing
 + Level 0.7 Armour
 + Level 4.5 Dodging
 + Level 9.5 Stealth
 + Level 0.7 Shields
 + Level 0.7 Unarmed Combat
 + Level 0.7 Spellcasting
 + Level 0.5 Conjurations
 + Level 0.5 Hexes
 + Level 0.5 Summonings
 + Level 0.5 Necromancy
 + Level 0.5 Translocations
 + Level 0.5 Transmutations
 + Level 0.5 Fire Magic
 + Level 0.5 Ice Magic
 + Level 0.5 Air Magic
 + Level 0.5 Earth Magic
 + Level 0.5 Poison Magic
 + Level 0.9 Invocations
 + Level 0.7 Evocations


You had 3 spell levels left.
You didn't know any spells.
Your spell library was empty.

Dungeon Overview and Level Annotations

Branches:
Dungeon (5/15)
 Temple: D:4-7

Altars:
Okawaru


Innate Abilities, Weirdness & Mutations

Your experience applies equally to all skills.
You have very sharp teeth.
Your uncanny sense of smell can sniff out nearby items.


Message History

Found a scroll labeled SIUFOPS CYRE.
An orc comes into view.
It is wielding a +0 flail. 2 orcs come into view.
The orc shouts! x2
An orc wizard comes into view. It is wielding a +0 dagger.
You hit the leopard gecko but do no damage.
You bite the leopard gecko. The leopard gecko barely misses you.
The leopard gecko closely misses you.
The orc wizard gestures wildly while chanting.
The orc wizard flickers and vanishes!
Deactivating autopickup; reactivate with Ctrl-A.
You hit the leopard gecko. The leopard gecko barely misses you.
You hit the leopard gecko. The leopard gecko misses you.
The orc closely misses you.
You hit the iguana but do no damage.
An orc comes into view. It is wielding a +0 mace.
The orc moves out of view.
You hit the iguana. The iguana barely misses you.
The orc hits you with a +0 flail!
You barely miss the iguana. The iguana completely misses you.
The iguana bites you.
* * * LOW HITPOINT WARNING * * *
You barely miss the iguana. The iguana completely misses you.
The orc closely misses you.
You hit the iguana. The iguana misses you. The orc closely misses you.
You barely miss the iguana.
You hear some strange, mumbled words.
A magic dart appears from out of thin air!
The magic dart hits you.
* * * LOW HITPOINT WARNING * * *
An orc wizard comes into view. It is wielding a +0 dagger.
The iguana closely misses you. The orc closely misses you.
Something hits you but does no damage.
The orc wizard shouts!
You hit the iguana.
You kill the iguana!
You have reached level 3!
Your experience leads to an increase in your attributes!
Increase (S)trength, (I)ntelligence, or (D)exterity?
You feel clever.
You hear a shout!
Something hits you.
* * * LOW HITPOINT WARNING * * *
The leopard gecko misses you. The orc barely misses you.
You closely miss the leopard gecko. Something hits you but does no damage.
The leopard gecko bites you but does no damage.
Something hits you but does no damage. The orc hits you with a +0 flail.
You die... #.)...# #.. #.....# #..## #.....# ..... #..)..# #... ########(## #o.# #.....##.###.# ooo

#............#
#{##......##.####
#o@l.....## .#
####.....# .#
#......?...
#..........
.............
.############# #


You could see an orc wizard, 4 orcs and a leopard gecko.

Vanquished Creatures
  An iguana (D:4)
  A hound skeleton (D:5)
2 creatures vanquished.

Notes
Turn   | Place    | Note
-------+----------+-------------------------------------------
     0 | D:5      | Reached skill level 9 in Stealth
     0 | D:5      | vurker the Gnoll Delver began the quest for the Orb.
     0 | D:5      | Reached XP level 1. HP: 23/23 MP: 1/1
    31 | D:5      | Reached XP level 2. HP: 25/29 MP: 2/2
    97 | D:5      | Noticed a centaur
   136 | D:5      | Found an iron altar of Okawaru.
   215 | D:4      | Reached XP level 3. HP: 6/35 MP: 2/4
   216 | D:4      | Slain by an orc

Illustrated notes

Levels and vault maps discovered:
D:4:      layout_rooms, kennysheep_generic_room_6, uniq_menkaure, uniq_ijyb
D:5:      layout_basic, lemuel_zombie_altar_kikubaaqudgha,
          nicolae_overflow_hidden_temple, serial_shops,
          nicolae_shop_temple_entry_statues_fountains, basic_altar, uniq_edmund

Skill      XL: | |
---------------+-+-----
Stealth        | |  9.5
Fighting       | |  6.5
Short Blades   | |  0.7
Long Blades    | |  0.7
Axes           | |  0.7
Maces & Flails | |  4.5
Polearms       | |  0.7
Staves         | |  0.7
Slings         | |  0.7
Bows           | |  0.7
Crossbows      | |  0.7
Throwing       | |  0.7
Armour         | |  0.7
Dodging        | |  4.5
Shields        | |  0.7
Unarmed Combat | |  0.7
Spellcasting   | |  0.7
Conjurations   | |  0.5
Hexes          | |  0.5
Summonings     | |  0.5
Necromancy     | |  0.5
Translocations | |  0.5
Transmutations | |  0.5
Fire Magic     | |  0.5
Ice Magic      | |  0.5
Air Magic      | |  0.5
Earth Magic    | |  0.5
Poison Magic   | |  0.5
Invocations    | |  0.9
Evocations     | |  0.7

Action                   || total
-------------------------++-------
Melee: Mace              ||    17
       Bite              ||     2
Armor: Leather armour    ||     3
Dodge: Dodged            ||    21

Table legend: (Time is in decaauts)
 A = Elapsed time spent in this place.
 B = Non-inter-level travel time spent in this place.
 C = Inter-level travel time spent in this place.
 D = Time resting spent in this place.
 E = Time spent auto-exploring this place.
 F = Levels seen in this place.
 G = Mean time per level.
                   A        B        C        D        E       F      G
               +--------+--------+--------+--------+--------+-----+--------+
         Total |    218 |    152 |     66 |      0 |     84 |   2 |  109.0 |
       Dungeon |    218 |    152 |     66 |      0 |     84 |   2 |  109.0 |
               +--------+--------+--------+--------+--------+-----+--------+

Top non-repeatable levels by time:
     D:5: 188 daAuts
     D:4: 30 daAuts
